 Dungeon Crawl Stone Soup version 0.23.2 (webtiles) character file.

Game seed: 4025571059268338420

101 cklessthan3 the Cudgeler (level 4, -2/41 HPs)
             Began as a Minotaur Berserker on Apr 3, 2019.
             Was a Believer of Trog.
             Slain by a gnoll
             ... wielding a +0 halberd
              (7 damage)
             ... on level 3 of the Dungeon.
             The game lasted 00:05:03 (1744 turns).

cklessthan3 the Cudgeler (Minotaur Berserker)       Turns: 1744, Time: 00:05:04

Health: -2/41      AC:  2    Str: 22    XL:     4   Next: 48%
Magic:  3/3        EV: 12    Int:  4    God:    Trog [**....]
Gold:   66         SH:  3    Dex: 10    Spells: 3/3 levels left

rFire    + . .     SeeInvis .   a - +0 mace
rCold    x . .     Gourm    +   i - +0 buckler
rNeg     . . .     Faith    .   b - +0 animal skin
rPois    .         Spirit   .   (helmet restricted)
rElec    .         Reflect  .   (no cloak)
rCorr    .         Harm     .   (no gloves)
MR       .....                  (no boots)
Stlth    +.........             q - amulet of the gourmand
HPRegen  0.13/turn              n - ring of fire
MPRegen  0.08/turn              (no ring)

@: no status effects
A: retaliatory headbutt, horns 2
a: Berserk, Trog's Hand, Renounce Religion


You were on level 3 of the Dungeon.
You worshipped Trog.
Trog was pleased with you.
You were not hungry.

You visited 1 branch of the dungeon, and saw 3 of its levels.

You collected 66 gold pieces.

Inventory:

Hand Weapons
 a - a +0 mace (weapon)
Missiles
 p - 37 stones (quivered)
Armour
 b - a +0 animal skin (worn)
 i - a +0 buckler (worn)
Jewellery
 n - a ring of fire (left hand)
 q - an amulet of the gourmand (around neck)
Scrolls
 d - 2 scrolls of remove curse {unknown}
 j - a scroll of enchant weapon {unknown}
 k - 2 scrolls of fog {unknown}
 l - 2 scrolls of identify {unknown}
 m - a scroll of magic mapping {unknown}
 s - a scroll of random uselessness {unknown}
Potions
 e - 2 potions of flight {unknown}
 f - a potion of heal wounds {unknown}
 g - 2 potions of cancellation {unknown}
 h - a potion of invisibility {unknown}
 o - 2 potions of curing {unknown}
Comestibles
 c - 3 rations


   Skills:
 + Level 4.7 Fighting
 + Level 4.9 Maces & Flails
 + Level 2.6 Armour
 + Level 2.9 Dodging
 + Level 0.4 Stealth


You had 3 spell levels left.
You didn't know any spells.
Your spell library was empty.

Dungeon Overview and Level Annotations

Branches:
Dungeon (3/15)

Altars:


Innate Abilities, Weirdness & Mutations

You reflexively headbutt those who attack you in melee.
You have a pair of horns on your head.


Message History

The orc shouts!
The gnoll shouts!
The gnoll barely misses you. The ooze hits you but does no damage.
An orc comes into view. It is wielding a +0 hand axe.
An orc comes into view.
The orc shouts!
You hear a shout!
The orc shouts!
You sock the ooze!
You kill the ooze!
Trog accepts your kill.
The gnoll hits you from afar with a +0 spear.
* * * LOW HITPOINT WARNING * * *
A gnoll comes into view. It is wielding a +0 whip.
A gnoll comes into view.
You block the gnoll's attack. The gnoll hits you with a +0 spear.
* * * LOW HITPOINT WARNING * * *
You hit the gnoll.
The gnoll is lightly wounded.
The gnoll hits you from afar with a +0 halberd!
You die...

##### . ...# ..o
#.############
###o.####............###
#...ggg@..####..........
#.#..####.###.#...##..รท#
# #.##...#..##..#.
..##....#....#..
########.....#..#...
..........##..##..##
..........##..##..##
.............#..#...
#.........#....#..


You could see 3 gnolls and 2 orcs.

Vanquished Creatures
  4 adders
  2 oozes
  2 worms
  A leopard gecko (D:1)
  An orc (D:3)
  2 giant cockroaches
  6 goblins
  3 hobgoblins (D:1)
  4 jackals (D:1)
  7 kobolds
  2 quokkas (D:2)
  5 bats
  3 frilled lizards
  5 rats
47 creatures vanquished.

Notes
Turn   | Place    | Note
-------+----------+-------------------------------------------
     0 | D:1      | cklessthan3 the Minotaur Berserker began the quest for the
                  | Orb.
     0 | D:1      | Reached XP level 1. HP: 19/19 MP: 0/0
    38 | D:1      | Reached XP level 2. HP: 15/27 MP: 1/1
   174 | D:1      | Reached XP level 3. HP: 4/33 MP: 2/2
   932 | D:2      | Reached ** piety under Trog
  1203 | D:2      | Reached XP level 4. HP: 37/41 MP: 3/3
  1744 | D:3      | Slain by a gnoll

Skill      XL: |  1  2 |
---------------+-------+-----
Maces & Flails | 4 |  4.9
Fighting       | 4 |  4.7
Armour         | |  2.6
Dodging        | |  2.9
Stealth        | |  0.4

Action                   |  1- 3 |  4- 6 || total
-------------------------+-------+-------++-------
Melee: Mace              |    69 |    40 ||   109
       Headbutt          |    10 |     4 ||    14
 Stab: Sleeping          |     1 |     1 ||     2
  Eat: Chunk             |       |     8 ||     8
Armor: Animal skin       |    13 |     5 ||    18
Dodge: Dodged            |    55 |    21 ||    76
Block: Buckler           |     4 |     4 ||     8
